 Dungeon Crawl Stone Soup version 0.24-a0-630-g0d56a851f4 (webtiles) character file.

Game seed: 4542822032306385959, levelgen mode: deterministic

14107 Ge0ff the Placeless Halfling (level 12, -2/82 HPs)
             Began as a Halfling Warper on Sept 20, 2019.
             Was a Believer of Wu Jian.
             Slain by a five-headed hydra (11 damage)
             ... on level 3 of the Lair of Beasts.
             The game lasted 01:39:22 (27557 turns).

Ge0ff the Placeless Halfling (Halfling Warper)     Turns: 27557, Time: 01:39:22

Health: -2/82      AC: 14    Str: 16    XL:     12   Next: 41%
Magic:  2/16       EV: 18    Int: 11    God:    Wu Jian [**....]
Gold:   806        SH:  7    Dex: 20    Spells: 10/17 levels left

rFire    + . .     SeeInvis .   b - +0 mace of Horr {crush, rPois rC+}
rCold    + + +     Gourm    .   Y - +0 buckler
rNeg     . . .     Faith    .   Z - +0 chain mail
rPois    +         Spirit   .   Q - +0 helmet
rElec    +         Reflect  .   S - +0 cloak
rCorr    +         Harm     .   F - +0 pair of gloves
MR       .....                  (no boots)
Stlth    ..........             (no amulet)
HPRegen  0.23/turn              L - ring of resist corrosion
MPRegen  0.15/turn              z - ring of protection from cold {=R}

@: agile, resistant, very slightly contaminated, hasted, very quick
A: small, mutation resistance 1
a: Wall Jump, Renounce Religion


You were on level 3 of the Lair of Beasts.
You worshipped Wu Jian.
Wu Jian was pleased with you.
You were very hungry.

You visited 3 branches of the dungeon, and saw 14 of its levels.

You collected 806 gold pieces.

Inventory:

Hand Weapons
 a - a +0 flail
 b - the +0 mace of Horr (weapon) {crush, rPois rC+}
   (You found it on level 1 of the Lair of Beasts)

   It inflicts extra damage upon your enemies.
   It protects you from cold.
   It protects you from poison.
 c - a +1 whip of freezing
 h - a +0 morningstar
 w - a +0 dagger of speed
 x - the +8 dagger "Cufian" {pierce, MR+}
   (You found it on level 10 of the Dungeon)

   It inflicts extra damage upon your enemies.
   It affects your resistance to hostile enchantments.
Missiles
 D - 4 poisoned darts
 E - 6 atropa-tipped darts
 J - 9 boomerangs (quivered)
 U - 247 stones
Armour
 F - a +0 pair of gloves (worn)
 G - a +0 scale mail
 O - a +2 robe of magic resistance
 Q - a +0 helmet (worn)
 S - a +0 cloak (worn)
 Y - a +0 buckler (worn)
 Z - a +0 chain mail (worn)
Jewellery
 v - an uncursed ring of see invisible {unknown}
 z - a ring of protection from cold (right hand) {=R}
 I - an uncursed ring of ice
 L - a ring of resist corrosion (left hand)
Wands
 e - a wand of enslavement (15)
Scrolls
 y - a scroll of immolation
 C - 2 scrolls of remove curse
 P - 3 scrolls of enchant weapon
 T - 3 scrolls of teleportation
 V - a scroll of vulnerability
 W - 4 scrolls of enchant armour
Potions
 A - a potion of agility
 K - 2 potions of magic {!q}
 M - a potion of might
 N - 2 potions of cancellation {!q}
 R - a potion of resistance
 X - a potion of flight
Comestibles
 r - 20 rations


   Skills:
 - Level 8.1 Fighting
 - Level 8.0 Maces & Flails
 - Level 6.0 Throwing
 - Level 7.0 Armour
 + Level 6.5 Dodging
 - Level 2.1 Stealth
 - Level 5.7 Shields
 - Level 3.0 Spellcasting
 - Level 3.0 Charms
 - Level 9.1 Translocations
 - Level 3.0 Evocations


You had 10 spell levels left.
You knew the following spells:

 Your Spells              Type           Power        Failure   Level  Hunger
c - Blink                 Tloc           N/A          12%         2    ###....
s - Shroud of Golubria    Chrm/Tloc      ###...       41%         2    ###....
t - Teleport Other        Tloc           ###.....     24%         3    ###....

Your spell library contained the following spells:

 Spells                   Type           Power        Failure   Level  Hunger
 Gell's Gravitas          Tloc           ###.......   24%         3    ###....
 Lesser Beckoning         Tloc           ###.......   24%         3    ###....
 Passage of Golubria      Tloc           N/A          63%         4    #####..
 Confusing Touch          Hex            #.....       98%         1    #......
 Magic Dart               Conj           #...         98%         1    #......
 Call Imp                 Summ           #.......     99%         2    ###....
 Slow                     Hex            #.......     99%         2    ###....
 Confuse                  Hex            #.......     100%        3    ###....
 Conjure Flame            Conj/Fire      #.......     100%        3    ###....
 Mephitic Cloud           Conj/Pois/Air  #.......     100%        3    ###....
 Petrify                  Tmut/Erth      #.......     100%        4    #####..
 Metabolic Englaciation   Hex/Ice        #.........   100%        5    ######.
 Yara's Violent Unravell  Hex/Tmut       #.........   100%        5    ######.


Dungeon Overview and Level Annotations

Branches:
Dungeon (10/15)            Temple (1/1) D:5            Lair (3/6) D:9
  Swamp: Lair:2-4    Shoals: Lair:2-4     Snake: Lair:2-4    Spider: Lair:2-4
    Orc: D:9-12

Altars:
Ashenzari
Cheibriados
Dithmenos
Elyvilon
Fedhas
Gozag
Hepliaklqana
Kikubaaqudgha
Makhleb
Nemelex Xobeh
Okawaru
Qazlal
Ru
Sif Muna
Trog
Uskayaw
Vehumet
Wu Jian
Xom
Yredelemnul
Zin
The Shining One

Shops:
D:7 ::   D:10 *

Annotations:
D:6 1 runed translucent door, freakyemo's ghost, novice TrBe
D:8 Erica
D:9 4h hydra, exclusion: downstairs, Gastronok
Lair:1 exclusion: oklob plant, Urug
Lair:2 exclusion: oklob plant


Innate Abilities, Weirdness & Mutations

You are small and have problems with some larger weapons.
You are somewhat resistant to further mutation.


Message History

The black mamba is almost dead.
The black mamba bites you but does no damage.
You hit the black mamba.
You kill the black mamba!
The Council accepts your kill.
Training target 2.0 for Stealth reached!
Training target 8.0 for Fighting reached!
Your Fighting skill increases to level 8!
Your Stealth skill increases to level 2!
Okay, then.
The five-headed hydra roars!
You hit the five-headed hydra.
The five-headed hydra is lightly wounded.
The five-headed hydra bites you!
* * * LOW HITPOINT WARNING * * *
You block the five-headed hydra's attack.
The five-headed hydra completely misses you.
You block the five-headed hydra's attack.
The five-headed hydra bites you!
You die...

##### ### ##################
##.#.#######.###.##..##.##.##P.##
...............D@................
###P###..#P#.###.#....#####P#..##
### ######## ###....## ######
#.....# #P.....# ##.....# ##....#
## #....###... ## ####..........


You could see a five-headed hydra.

Vanquished Creatures
  A two-headed ogre (D:10)
  Pikel (D:8)
  A deep elf mage (D:10)
  An ugly thing (D:9)
  A black mamba (Lair:3)
  Joseph (D:4)
  Psyche (D:8)
  3 rime drakes
  2 spiny frogs
  2 komodo dragons
  2 hippogriffs
  4 blink frogs (Lair:3)
  A spriggan (D:9)
  13 yaks
  A wraith (D:9)
  A human (D:9)
  Menkaure (D:7)
  3 water moccasins
  2 ice beasts
  5 porcupines
  2 black bears (Lair:3)
  6 orc warriors
  4 slaves
  2 phantoms
  2 ogres
  A sky beast (D:8)
  5 wolves
  3 necrophages (D:10)
  3 centaurs
  4 crocodiles (D:9)
  A big kobold (D:10)
  5 bullfrogs
  4 scorpions
  11 wights
  5 howler monkeys
  A centaur zombie (D:10)
  2 crimson imps
  5 hounds
  A bullfrog zombie (D:7)
  A bullfrog skeleton (D:4)
  7 orc priests
  Crazy Yiuf (D:2)
  2 jellies
  9 orc wizards
  A centaur skeleton (D:9)
  6 worker ants
  2 iguanas
  2 killer bee zombies
  2 hound skeletons
  3 worker ant zombies
  9 adders
  An ooze (D:3)
  3 adder skeletons
  3 worms
  3 dart slugs
  9 leopard geckos
  36 orcs
  8 hobgoblins
  16 jackals
  12 kobolds
  3 quokkas
  3 ball pythons
  8 bats
  4 frilled lizards
  2 goblins (D:2)
  2 leopard gecko skeletons (D:4)
  A leopard gecko zombie (D:7)
  7 rats
  2 plants (D:9)
282 creatures vanquished.

Vanquished Creatures (others)
  2 wolves (Lair:1)
  A hound (D:10)
  A bush (D:9)
  11 fungi
  20 plants
35 creatures vanquished.

Grand Total: 317 creatures vanquished

Notes
Turn   | Place    | Note
-------+----------+-------------------------------------------
     0 | D:1      | Ge0ff the Halfling Warper began the quest for the Orb.
     0 | D:1      | Reached XP level 1. HP: 14/14 MP: 3/3
   303 | D:1      | Reached XP level 2. HP: 12/19 MP: 4/4
   316 | D:1      | Learned a level 2 spell: Blink
   901 | D:1      | Reached XP level 3. HP: 24/24 MP: 5/5
  1778 | D:2      | Found a stormy altar of Qazlal.
  2212 | D:2      | Reached XP level 4. HP: 30/30 MP: 6/6
  2594 | D:2      | Found a runed translucent door.
  2595 | D:2      | Noticed Crazy Yiuf
  3600 | D:3      | Reached XP level 5. HP: 29/35 MP: 7/7
  5558 | D:3      | Learned a level 2 spell: Shroud of Golubria
  5918 | D:3      | Reached XP level 6. HP: 41/41 MP: 8/8
  6129 | D:4      | Noticed a phantom
  6617 | D:4      | Noticed an orc warrior
  6926 | D:4      | Reached XP level 7. HP: 46/46 MP: 9/9
  7201 | D:5      | Entered Level 5 of the Dungeon
  7405 | D:5      | Found a staircase to the Ecumenical Temple.
  7415 | Temple   | Entered the Ecumenical Temple
  7614 | Temple   | Became a worshipper of the Wu Jian Council
  8487 | D:5      | Reached skill level 5 in Maces & Flails
  9001 | D:4      | Reached XP level 8. HP: 54/54 MP: 10/10
  9252 | D:2      | Killed Crazy Yiuf
 11015 | D:6      | Found a runed translucent door.
 11015 | D:6      | Noticed freakyemo's ghost (novice TrBe)
 11084 | D:7      | Reached XP level 9. HP: 52/59 MP: 11/11
 11131 | D:7      | Noticed Joseph
 11194 | D:6      | Reached * piety under Wu Jian
 11581 | D:7      | Noticed Menkaure
 11590 | D:7      | Killed Menkaure
 11590 | D:7      | Reached skill level 1 in Shields
 12675 | D:7      | Reached skill level 1 in Charms
 12754 | D:7      | Found Ethoukeq's Book Shop.
 13040 | D:4      | Killed Joseph
 13040 | D:4      | Reached skill level 5 in Fighting
 14035 | D:7      | Reached skill level 4 in Translocations
 14418 | D:7      | Found Boethefi's Book Shop.
 14431 | D:7      | Reached skill level 5 in Throwing
 15034 | D:8      | Reached skill level 5 in Armour
 15034 | D:8      | Reached XP level 10. HP: 68/68 MP: 13/13
 15221 | D:8      | Noticed Psyche
 15259 | D:8      | Killed Psyche
 15634 | D:8      | Noticed Pikel
 15653 | D:8      | Killed Pikel
 16009 | D:8      | Noticed Erica
 16433 | D:9      | Reached skill level 5 in Translocations
 17075 | D:9      | Reached skill level 5 in Shields
 17171 | D:9      | Reached skill level 5 in Dodging
 17611 | D:9      | Found a staircase to the Lair.
 18197 | D:9      | Reached XP level 11. HP: 75/75 MP: 15/15
 18334 | D:9      | Noticed Gastronok
 18532 | D:9      | Found a hide-covered altar of Uskayaw.
 18535 | D:9      | Found a shadowy altar of Dithmenos.
 18537 | D:9      | Found a hazy altar of Hepliaklqana.
 18538 | D:9      | Found a blossoming altar of Fedhas.
 18796 | D:10     | Entered Level 10 of the Dungeon
 18796 | D:10     | Found Soukegys's Superlative Supplies.
 18805 | D:10     | Noticed a deep elf mage
 18993 | D:10     | Reached ** piety under Wu Jian
 19076 | D:10     | Reached skill level 6 in Translocations
 19232 | D:10     | Noticed a two-headed ogre
 19270 | D:10     | Killed a two-headed ogre
 19270 | D:10     | Reached skill level 7 in Translocations
 19559 | D:10     | Reached skill level 8 in Translocations
 19584 | D:10     | Got a twisted dagger
 19876 | D:10     | Killed a deep elf mage
 20386 | D:9      | Reached skill level 9 in Translocations
 20885 | D:10     | Noticed an orc knight
 21072 | D:10     | Noticed a four-headed hydra
 21473 | D:10     | Noticed a white ugly thing
 21751 | D:9      | Killed a white ugly thing
 22233 | D:10     | Noticed a death knight
 22557 | Lair:1   | Entered Level 1 of the Lair of Beasts
 22562 | Lair:1   | Noticed an oklob plant
 22617 | Lair:1   | Identified the +8 dagger "Cufian" {pierce, MR+} (You found
                  | it on level 10 of the Dungeon)
 22737 | Lair:1   | Found a hazy altar of Hepliaklqana.
 23169 | Lair:1   | Reached skill level 1 in Evocations
 24301 | Lair:1   | Got an encrusted mace
 24302 | Lair:1   | Identified the cursed +0 mace of Horr {crush, rPois rC+}
                  | (You found it on level 1 of the Lair of Beasts)
 24816 | Lair:2   | HP: 3/75 [poisoned by a spiny frog]
 24824 | Lair:2   | HP: 2/75 [poisoned by a spiny frog]
 24832 | Lair:2   | HP: 2/75 [poisoned by a spiny frog]
 25180 | Lair:2   | Reached XP level 12. HP: 59/81 MP: 11/16
 25313 | Lair:2   | Learned a level 3 spell: Teleport Other
 25814 | Lair:2   | Noticed Urug
 26946 | Lair:3   | Noticed a five-headed hydra
 27132 | Lair:3   | Reached skill level 1 in Stealth
 27557 | Lair:3   | Slain by a five-headed hydra

Levels and vault maps discovered:
D:1:      lightli_arrival_flooded_house, layout_loops_corners,
          minmay_misc_feat_more_columns
D:2:      layout_loops_corners, first_ration, nicolae_qazlal_general_emergency,
          uniq_crazy_yiuf_cottage
D:3:      layout_basic
D:4:      layout_basic
D:5:      layout_basic, minmay_temple_entry_statues_pillars,
          serial_co_window_serial, co_window_cross_1, co_window_corner_a,
          co_window_paths_a, co_window_of_opportunity_a, co_window_paths_a,
          co_window_cross_2, co_window_broadway_b, co_window_2corner,
          co_window_broadway_b, glass_columns_a, glass_columns_a
D:6:      layout_basic, ebering_ghost_reflecting_pool, grunt_ministairs_9,
          glass_columns_a, supply_closet_lemuel
D:7:      layout_loops_cross, serial_shops, nicolae_shop_stone, shop,
          uniq_menkaure, uniq_joseph
D:8:      layout_cave_pools, uniq_erica, uniq_pikel, uniq_psyche
D:9:      layout_loops_ring, minitemple, minmay_lair_entry_grove, uniq_gastronok
D:10:     layout_loops_ring, serial_undead, serial_undead_c, serial_undead_d,
          serial_undead_a, serial_undead_b, hangedman_stone_soup,
          nicolae_alphabet_shops, minivault_24, minmay_shattered_shrine
Temple:   dpeg_five_rooms_temple
Lair:1:   layout_hall_layers, basic_altar, beast_lair_carwin_5,
          minmay_lair_oklob_chamber, lemuel_fruit_fields, lemuel_fruit_fields
Lair:2:   layout_regular_city, portal_ice_cave_rime, uniq_urug
Lair:3:   layout_long_grid, swamp_mist_pool, patterned_corridor

Skill      XL: |  1  2  3  4  5  6  7  8  9 10 11 12 |
---------------+-------------------------------------+-----
Maces & Flails | 2 3 4 5 6 7 8 |  8.0
Fighting       | 2 3 4 5 7 8 |  8.1
Armour         | 2 4 5 6 7 |  7.0
Dodging        | 3 4 5 6 |  6.5
Throwing       | 2 3 4 5 6 |  6.0
Shields        | 2 5 |  5.7
Charms         | 2 3 |  3.0
Spellcasting   | 2 3 |  3.0
Translocations | 4 5 9 |  9.1
Evocations     | 1 3 |  3.0
Stealth        | 2 |  2.1

Action                   |  1- 3 |  4- 6 |  7- 9 | 10-12 || total
-------------------------+-------+-------+-------+-------++-------
Melee: Mace              |   123 |   168 |   369 |    52 ||   712
       Flail             |       |       |    38 |   698 ||   736
       Morningstar       |       |       |       |    72 ||    72
       Whip              |       |       |       |    73 ||    73
Throw: Dart              |     6 |   126 |   111 |   203 ||   446
       Stone             |    39 |    32 |   192 |   169 ||   432
       Boomerang         |       |     5 |    11 |    12 ||    28
       Throwing net      |       |     2 |     1 |       ||     3
 Cast: Blink             |       |       |    25 |    52 ||    77
       Shroud of Golubri |       |       |     4 |    30 ||    34
Invok: Lunge             |       |       |     5 |    22 ||    27
       Whirlwind         |       |       |    18 |   135 ||   153
 Abil: Wall Jump         |       |       |       |    10 ||    10
Evoke: Wand              |       |       |       |    30 ||    30
  Use: Scroll            |       |     7 |     4 |    16 ||    27
       Potion            |       |     2 |     7 |     6 ||    15
 Stab: Invisible         |     1 |     1 |     2 |     2 ||     6
       Confused          |       |       |       |     1 ||     1
  Eat: Chunk             |     4 |    11 |    20 |    28 ||    63
       Ration            |       |     1 |     3 |     5 ||     9
Armor: Leather armour    |    29 |     1 |       |       ||    30
       Ring mail         |       |    43 |    56 |       ||    99
       Scale mail        |       |       |    70 |   204 ||   274
       Skin              |       |       |    11 |     9 ||    20
       Chain mail        |       |       |       |   102 ||   102
Dodge: Dodged            |   100 |   107 |   252 |   482 ||   941
Block: Buckler           |       |       |    28 |   271 ||   299

Table legend:
 A = Non-vault XP
 B = Vault XP
 C = Vault XP percentage of total XP
 D = Non-vault monster count
 E = Vault monster count
 F = Vault count percentage of total count
                 A         B        C        D         E       F
            +---------+---------+-------+---------+---------+-------
      Total |   12244 |    7910 |  39.2 |     236 |      42 |  15.1
            +---------+---------+-------+---------+---------+-------
        D:1 |      42 |       0 |   0.0 |      25 |       0 |   0.0
        D:2 |      66 |      40 |  37.7 |      17 |       1 |   5.6
        D:3 |     306 |       0 |   0.0 |      30 |       0 |   0.0
        D:4 |     446 |     434 |  49.3 |      17 |       1 |   5.6
        D:5 |     699 |       0 |   0.0 |      18 |       0 |   0.0
        D:6 |     969 |       4 |   0.4 |      22 |       2 |   8.3
        D:7 |     724 |     172 |  19.2 |      28 |       1 |   3.4
        D:8 |     583 |    1047 |  64.2 |       9 |       2 |  18.2
        D:9 |    1223 |    2788 |  69.5 |      21 |      16 |  43.2
       D:10 |    1678 |    1293 |  43.5 |      23 |      11 |  32.4
     Lair:1 |    1266 |    1347 |  51.5 |       7 |       6 |  46.2
     Lair:2 |    2441 |     785 |  24.3 |      12 |       2 |  14.3
     Lair:3 |    1801 |       0 |   0.0 |       7 |       0 |   0.0
            +---------+---------+-------+---------+---------+-------
